 Dungeon Crawl Stone Soup version 0.31-a0-664-g902f515a81 (webtiles) character file.

Game seed: 172025700899835719

84 arthad the Ducker (level 4, -8/34 HPs)
             Began as a Demonspawn Gladiator on Sept 2, 2023.
             Mangled by Crazy Yiuf
             ... wielding a +4 quarterstaff of chaos
              (15 damage)
             ... on level 2 of the Dungeon.
             The game lasted 00:02:56 (1968 turns).

arthad the Ducker (Demonspawn Gladiator)            Turns: 1968, Time: 00:02:57

Health: -8/34      AC:  8    Str: 16    XL:     4   Next: 23%
Magic:  4/4        EV: 13    Int: 10    God:
Gold:   145        SH:  0    Dex: 16    Spells: 3/3 levels left

rFire   . . .        a - +0 war axe
rCold   . . .        (no shield)
rNeg    + . .        b - +0 leather armour
rPois   +            c - +0 helmet
rElec   .            (no cloak)
rCorr   .            u - +1 pair of gloves
SInv    .            (no boots)
Will    .....        (no amulet)
Stlth   ++           g - ring of wizardry
HPRegen 0.25/turn    i - ring of positive energy
MPRegen 0.09/turn

%: wizardry (x1)
@: lethally poisoned (-8 -> -14)
A: molten scales 1, weakness stinger 1, claws 1, thin skeletal structure 1,
poison resistance
a: no special abilities


You were on level 2 of the Dungeon.
You visited 1 branch of the dungeon, and saw 2 of its levels.

You collected 145 gold pieces.

Inventory:

Hand Weapons
 a - a +0 war axe (weapon)
Missiles
 d - 3 throwing nets (quivered)
 e - a javelin
Armour
 b - a +0 leather armour (worn)
 c - a +0 helmet (worn)
 m - an orb of light
 o - a +0 scale mail
 u - a +1 pair of gloves (worn)
Magical Staves
 n - a staff of poison
Jewellery
 g - a ring of wizardry (left hand)
 h - a +6 ring of intelligence
 i - a ring of positive energy (right hand)
 t - a ring of wizardry
 v - a ring of magical power
Scrolls
 s - a scroll of blinking
Potions
 k - a potion of brilliance
 p - a potion of attraction {unknown}
 q - a potion of enlightenment {unknown}
 r - a potion of berserk rage {unknown}


   Skills:
 + Level 2.7 Fighting
 + Level 3.2 Axes
 + Level 2.4 Throwing
 + Level 0.7 Armour
 + Level 3.2 Dodging


You had 3 spell levels left.
You didn't know any spells.
Your spell library was empty.

Dungeon Overview and Level Annotations

Branches:
Dungeon (2/15)

Altars:

Annotations:
D:2 Crazy Yiuf


Innate Abilities, Weirdness & Mutations

You are partially covered in molten scales. (AC +2)
You have a small tail.
You have sharp fingernails.
You have a somewhat thin skeletal structure. (Dex +2, Stealth+)
Your system is resistant to poisons. (rPois)


Message History

Could not explore, unopened runed door.
Could not explore, unopened runed door.
Could not explore, unopened runed door.
Okay, then.
As you read the scroll labelled ASEOV FYOPREFI, it crumbles to dust.
It is a scroll of identify.
s - a scroll of blinking
As you read the scroll of identify, it crumbles to dust.
k - a potion of brilliance Your library has no spells.
It was a potion of mutation.
You feel extremely strange.
You feel resistant to poisons.
Your fingernails lengthen.
Your bones become slightly less dense.
Crazy Yiuf yells, "Hack!
Race pizzabubble unthinkable."
Sorry, you're not good enough to have a special ability.
Unknown command.
You open the door. You slash Crazy Yiuf!
Crazy Yiuf is moderately wounded.
Crazy Yiuf barely misses you.
You barely miss Crazy Yiuf. You tail-slap Crazy Yiuf.
Crazy Yiuf is heavily wounded.
Crazy Yiuf closely misses you.
Crazy Yiuf hits you with a +4 quarterstaff of chaos.
You are electrocuted!
You hit Crazy Yiuf but do no damage.
Crazy Yiuf is heavily wounded.
Crazy Yiuf hits you with a +4 quarterstaff of chaos.
You are poisoned.
You closely miss Crazy Yiuf. You tail-slap Crazy Yiuf.
Crazy Yiuf is severely wounded.
* * * LOW HITPOINT WARNING * * *
You feel very sick. Crazy Yiuf closely misses you. x2
You hit Crazy Yiuf.
Your tail-slap misses Crazy Yiuf.
Crazy Yiuf is severely wounded.
* * * LOW HITPOINT WARNING * * *
You feel sick.
Crazy Yiuf hits you with a +4 quarterstaff of chaos!
You die...

#.............####.######.#.
#.............# #.# #.#.
##............# #.# #.#.
#.############ ### #... #.#
#.#. #.# ♣♣♣♣♣### #.#. #.#
### ♣♣♣.♣....## #... #.#
#...#♣..♣......## ###. #.#
#...g@♣♣♣♣......# #. #.#
#)..#♣♣ ♣♣.....# #. #.# ###
♣♣##..# #. #.# #.## #. #.#
#.# ## #.# #.# #.# #.#
#.#################.#
#...................#


You could see Crazy Yiuf.

Vanquished Creatures
  Terence (D:2)
  2 adders (D:2)
  A dart slug (D:2)
  5 ball pythons
  2 endoplasms
  A giant cockroach (D:1)
  8 goblins
  3 hobgoblins
  3 jackals (D:2)
  3 quokkas
  4 bats
  A frilled lizard (D:1)
  A kobold (D:1)
  5 rats
40 creatures vanquished.

Notes
Turn   | Place    | Note
-------+----------+-------------------------------------------
     0 | D:1      | arthad the Demonspawn Gladiator began the quest for the
                  | Orb.
     0 | D:1      | Reached XP level 1. HP: 16/16 MP: 1/1
    44 | D:1      | Gained mutation: You are partially covered in molten
                  | scales. (AC +2) [demonic ancestry]
    44 | D:1      | Reached XP level 2. HP: 9/22 MP: 2/2
   180 | D:1      | You fall into a shaft and drop 1 floor!
   306 | D:2      | Noticed Terence
   317 | D:2      | Killed Terence
   318 | D:2      | Gained mutation: You have a small tail. [demonic ancestry]
   318 | D:2      | Reached XP level 3. HP: 10/28 MP: 3/3
  1442 | D:2      | Reached XP level 4. HP: 34/34 MP: 4/4
  1641 | D:2      | Found a runed translucent door.
  1642 | D:2      | Noticed Crazy Yiuf
  1962 | D:2      | Gained mutation: Your system is resistant to poisons.
                  | (rPois) [potion of mutation]
  1962 | D:2      | Gained mutation: You have sharp fingernails. [potion of
                  | mutation]
  1962 | D:2      | Gained mutation: You have a somewhat thin skeletal
                  | structure. (Dex +2, Stealth+) [potion of mutation]
  1968 | D:2      | Mangled by Crazy Yiuf

Illustrated notes

Levels and vault maps discovered:
D:1:      dpeg_arrival_pond, layout_basic, kennysheep_pointless_box,
          corner_web_ring, grunt_decor_cap, st_stairs_9
D:2:      minmay_wonky_spiral, layout_basic, minmay_crystal_water, uniq_terence,
          uniq_crazy_yiuf_cottage

Skill      XL: |  1  2 |
---------------+-------+-----
Throwing       | 2 |  2.4
Axes           | 3 |  3.2
Dodging        | 3 |  3.2
Fighting       | |  2.7
Armour         | |  0.7

Action                     |  1- 3 |  4- 6 || total
---------------------------+-------+-------++-------
  Melee: War axe           |    95 |    19 ||   114
         Tailslap          |     3 |     2 ||     5
    Use: Scroll            |       |     2 ||     2
         Potion            |       |     1 ||     1
   Stab: Sleeping          |       |     1 ||     1
 Armour: Leather armour    |    74 |     9 ||    83
  Dodge: Dodged            |    55 |    17 ||    72

Table legend: (Time is in decaauts)
 A = Elapsed time spent in this place.
 B = Non-inter-level travel time spent in this place.
 C = Inter-level travel time spent in this place.
 D = Time resting spent in this place.
 E = Time spent auto-exploring this place.
 F = Levels seen in this place.
 G = Mean time per level.
                   A        B        C        D        E       F      G
               +--------+--------+--------+--------+--------+-----+--------+
         Total |   2007 |   1941 |     66 |      0 |   1621 |   2 | 1003.5 |
       Dungeon |   2007 |   1941 |     66 |      0 |   1621 |   2 | 1003.5 |
               +--------+--------+--------+--------+--------+-----+--------+

Top non-repeatable levels by time:
     D:2: 1097 daAuts
     D:1: 910 daAuts
